 Dungeon Crawl Stone Soup version 0.24-a0-249-g2af7e83 (webtiles) character file.

Game seed: 2142217234375181812

3967 MatthieuS the Fighter (level 10, -23/111 HPs)
             Began as an Ogre Wanderer on Apr 13, 2019.
             Was a Believer of Kikubaaqudgha.
             Hit by a large rock thrown by a cyclops (37 damage)
             ... on level 9 of the Dungeon.
             The game lasted 00:40:30 (12013 turns).

MatthieuS the Fighter (Ogre Wanderer)              Turns: 12013, Time: 00:40:30

Health: -23/111    AC:  8    Str: 17    XL:     10   Next: 22%
Magic:  24/32      EV: 10    Int: 20    God:    Kikubaaqudgha [**....]
Gold:   466        SH:  0    Dex:  5    Spells: 7/28 levels left

rFire    + . .     SeeInvis .   q - staff of fire
rCold    . . .     Gourm    .   (no shield)
rNeg     . . .     Faith    .   n - +0 robe
rPois    .         Spirit   .   p - +2 hat {MR+}
rElec    .         Reflect  .   w - +2 cloak
rCorr    .         Harm     .   (gloves unavailable)
MR       ++...                  (boots unavailable)
Stlth    +.........             (no amulet)
HPRegen  0.28/turn              b - ring of magical power
MPRegen  0.23/turn              x - +1 ring of evasion

@: lightly drained
A: large, unfitting armour, tough skin 1
a: Receive Corpses, Renounce Religion


You were on level 9 of the Dungeon.
You worshipped Kikubaaqudgha.
Kikubaaqudgha was pleased with you.
You were not hungry.

You visited 1 branch of the dungeon, and saw 10 of its levels.
You also visited: Sewer.

You collected 466 gold pieces.

Inventory:

Hand Weapons
 a - a +0 hand crossbow
 o - a +0 mace
   (You found it on level 2 of the Dungeon)
 r - a +1 flail of protection
   (You took it off an orc on level 3 of the Dungeon)
Missiles
 c - 32 bolts
 m - a throwing net (quivered) {!f}
Armour
 n - a +0 robe (worn)
 p - a +2 hat of magic resistance (worn)
   (You found it in a sewer)
 w - a +2 cloak (worn)
   (You found it on level 5 of the Dungeon)
Magical Staves
 q - an uncursed staff of fire (weapon)
   (You found it on level 6 of the Dungeon)
Jewellery
 b - a ring of magical power (left hand)
   (You found it on level 5 of the Dungeon)
 j - an uncursed ring of protection from cold
   (You found it on level 1 of the Dungeon)
 x - a +1 ring of evasion (right hand)
   (You found it on level 5 of the Dungeon)
 y - an uncursed amulet of magic regeneration {unknown}
   (You found it on level 8 of the Dungeon)
 A - an uncursed ring of protection from magic {unknown}
   (You found it on level 6 of the Dungeon)
Wands
 t - a wand of flame (21)
   (You found it on level 9 of the Dungeon)
 u - a wand of paralysis (13)
   (You found it on level 8 of the Dungeon)
Scrolls
 g - a scroll of blinking
 h - 2 scrolls of enchant weapon
 z - a scroll of fear
 D - a scroll of enchant armour
Potions
 d - a potion of lignification {unknown}
 f - a potion of resistance {unknown}
 i - 2 potions of magic {unknown}
 k - a potion of mutation {unknown}
 l - 6 potions of flight
 s - a potion of agility {unknown}
Comestibles
 e - 19 rations


   Skills:
 + Level 10.9(10.4) Fighting
   Level 1.0(0.6) Bows
 - Level 1.0(0.6) Throwing
 - Level 1.0(0.6) Dodging
   Level 1.0(0.6) Shields
 + Level 9.5(9.1) Spellcasting
 - Level 1.5(1.2) Conjurations
   Level 2.6(2.3) Charms
 + Level 7.5(7.1) Summonings
 * Level 5.1(4.8) Necromancy
 - Level 1.4(1.1) Translocations
 - Level 1.1(0.8) Evocations


You had 7 spell levels left.
You knew the following spells:

 Your Spells              Type           Power        Failure   Level  Hunger
a - Pain                  Necr           ####         1%          1    None
b - Blink                 Tloc           N/A          8%          2    None
c - Call Imp              Summ           #####...     1%          2    None
d - Mephitic Cloud        Conj/Pois/Air  ##......     19%         3    None
e - Conjure Flame         Conj/Fire      ###.....     19%         3    None
f - Slow                  Hex            #.......     12%         2    None
g - Magic Dart            Conj           ##..         4%          1    None
h - Corpse Rot            Necr           N/A          1%          2    None
i - Sublimation of Blood  Necr           ####......   1%          2    None
q - Vampiric Draining     Necr           ####......   3%          3    None

Your spell library contained the following spells:

 Spells                   Type           Power        Failure   Level  Hunger


Dungeon Overview and Level Annotations

Branches:
Dungeon (10/15)            Temple (0/1) D:7
   Lair: D:8-11         Orc: D:9-12

Altars:
Cheibriados
Dithmenos
Fedhas
Kikubaaqudgha
Okawaru
Zin

Shops:
D:9 ?

Annotations:
D:10 Joseph, Urug


Innate Abilities, Weirdness & Mutations

You are too large for most types of armour.
You have tough skin. (AC +1)


Message History

The worker ant bites you but does no damage.
A centaur warrior zombie comes into view.
The worker ant closely misses you.
Joseph, a Mercenary comes into view.
He is wielding a +0 quarterstaff of protection and carrying a wand of scattershot (3).
Joseph shouts!
The worker ant bites you but does no damage.
You climb upwards.
The hippogriff screeches!
Your extra speed is starting to run out.
The water moccasin bites you.
* * * LOW HITPOINT WARNING * * *
The water moccasin bites you but does no damage.
There is a stone staircase leading down here.
The worker ant misses you.
Unknown command.
Your surroundings suddenly seem different.
An orc wizard comes into view. It is wielding a +0 dagger.
The orc wizard shouts!
You hear a shout!
You hear an angry hiss.
A leopard gecko comes into view.
A bullfrog zombie comes into view.
Found a scroll of blinking.
Found an ivory wand.
You see here a scroll of blinking.
g - a scroll of blinking An orc comes into view.
It is wielding a +0 flail.
A troll comes into view.
You feel yourself slow down.
You see here a wand of flame (21).
t - a wand of flame (21);
i - 2 smoky black potions Your magical contamination has completely faded away.
The orc wizard mumbles some strange words.
The orc wizard blinks!
The bullfrog zombie hits you but does no damage.
The bullfrog zombie hits you.
* * * LOW HITPOINT WARNING * * *
The leopard gecko bites you.
* * * LOW HITPOINT WARNING * * *
The leopard gecko misses you.
Found 8 curare-tipped needles.
The bullfrog zombie hits you.
* * * LOW HITPOINT WARNING * * *
Found 17 gold pieces.
Really walk into that teleport trap?
You enter a teleport trap!
The teleport trap disappears.
Your surroundings suddenly seem different.
An adder and a crimson imp come into view.
The hippogriff screeches!
The adder hisses angrily.
The crimson imp shouts!
The cyclops throws a large rock.
The large rock hits you!!!
You die...
Kikubaaqudgha rasps: "You have failed me!
Welcome... death!"

#........§§§..............
....a.....(...............
..............###..........
..............# #..........
..............###..a......z
....S...............S.....#
.........∩.......H........#
....................###...#
..........@........# ##...
................... #..Z
...###..........z.. #... .
#....###..C... .... #...##
#.... .... ..5..# ....
..... ......# ... .......
.. .......


You could see a cyclops, a hippogriff, a worker ant (wandering), a wight, a
crimson imp and an adder.

Vanquished Creatures
  Harold (D:7)
  3 hippogriffs (D:8)
  4 hogs
  A hungry ghost (D:8)
  Menkaure (D:7)
  A black bear (D:8)
  A phantom (D:6)
  2 orc warriors
  2 bullfrogs (D:8)
  A wyvern zombie (D:7)
  2 scorpions
  2 crimson imps
  A bullfrog zombie (D:6)
  A centaur zombie (D:8)
  A jelly (D:7)
  A bullfrog skeleton (D:8)
  3 orc priests
  An iguana (D:6)
  An orc wizard (D:8)
  Natasha (D:3)
  3 worker ants
  2 gnolls (D:4)
  5 adders
  3 shadow imps
  3 oozes
  5 worms
  3 dart slugs
  4 leopard geckos
  15 orcs
  7 bats
  4 giant cockroaches
  5 goblins
  7 hobgoblins
  4 jackals
  3 quokkas
  2 ball pythons
  4 frilled lizards
  A giant cockroach zombie (D:6)
  7 kobolds
  4 rats
122 creatures vanquished.

Vanquished Creatures (collateral kills)
  A hippogriff (D:6)
  A human (D:6)
  A phantom (D:6)
  A sky beast (D:6)
  An eye of draining (D:8)
  An ogre (D:4)
  A centaur (D:5)
  2 bullfrogs
  2 centaur zombies
  A crimson imp (D:8)
  2 hounds
  3 orc priests
  2 bullfrog skeletons
  A jelly (D:7)
  2 orc wizards
  Natasha (D:3)
  A worker ant (D:7)
  2 gnolls (D:4)
  8 adders
  A howler monkey skeleton (D:4)
  2 oozes (Sewer)
  5 worms
  4 leopard geckos
  18 orcs
  A ball python (D:2)
  3 giant cockroaches
  2 hobgoblins
  8 jackals
  A kobold (D:3)
  4 quokkas
  4 bats
  2 frilled lizards
  A jackal skeleton (D:8)
90 creatures vanquished.

Grand Total: 212 creatures vanquished

Notes
Turn   | Place    | Note
-------+----------+-------------------------------------------
     0 | D:1      | MatthieuS the Ogre Wanderer began the quest for the Orb.
     0 | D:1      | MatthieuS set off with the following items: a +0 hand
                  | crossbow, 26 bolts, a +0 robe, a ration; and the following
                  | spell memorised: Magic Dart; and the following spells
                  | available to memorise: Blink, Call Imp, Slow, Conjure
                  | Flame, Mephitic Cloud
     0 | D:1      | Reached XP level 1. HP: 19/19 MP: 3/3
    25 | D:1      | Reached skill level 2 in Fighting
   136 | D:1      | Reached XP level 2. HP: 28/28 MP: 5/5
   144 | D:1      | Learned a level 2 spell: Blink
   223 | D:1      | Learned a level 2 spell: Call Imp
   518 | D:1      | Reached XP level 3. HP: 36/36 MP: 7/7
   866 | D:2      | Reached skill level 1 in Translocations
   934 | D:2      | Reached skill level 1 in Summonings
  1004 | D:2      | Reached XP level 4. HP: 43/44 MP: 5/8
  1034 | D:2      | Reached skill level 3 in Fighting
  1070 | D:2      | Found a blossoming altar of Fedhas.
  1688 | D:2      | Found a faded altar of an unknown god.
  1837 | D:2      | Learned a level 3 spell: Mephitic Cloud
  2123 | D:3      | Reached skill level 9 in Fighting
  2123 | D:3      | Reached XP level 5. HP: 20/67 MP: 8/15
  2334 | D:3      | Found a shadowy altar of Dithmenos.
  2448 | D:3      | Found a glowing drain.
  2474 | Sewer    | Entered a sewer
  2662 | Sewer    | Reached XP level 6. HP: 72/75 MP: 17/17
  3226 | D:3      | Found an ancient bone altar of Kikubaaqudgha.
  3238 | D:3      | Found a snail-covered altar of Cheibriados.
  3259 | D:3      | Became a worshipper of Kikubaaqudgha
  3535 | D:3      | Noticed Natasha
  3541 | D:3      | Killed Natasha
  3591 | D:3      | Noticed Natasha
  3595 | D:3      | Killed Natasha
  3938 | D:4      | You fall through a shaft for 2 floors!
  4123 | D:5      | Entered Level 5 of the Dungeon
  4235 | D:4      | Reached XP level 7. HP: 83/83 MP: 9/18
  4329 | D:4      | Reached skill level 1 in Conjurations
  4495 | D:4      | You fall through a shaft for 2 floors!
  4598 | D:4      | Learned a level 3 spell: Conjure Flame
  4601 | D:4      | Learned a level 2 spell: Slow
  4852 | D:4      | HP: 4/83 [poisoned by a scorpion]
  4858 | D:4      | HP: 3/83 [poisoned by a scorpion]
  4867 | D:4      | HP: 1/83 [poisoned by a scorpion]
  4873 | D:4      | HP: 1/83 [poisoned by a scorpion]
  4879 | D:4      | HP: 1/83 [poisoned by a scorpion]
  4886 | D:4      | HP: 1/83 [poisoned by a scorpion]
  5841 | D:5      | Found an iron altar of Okawaru.
  6600 | D:6      | Reached skill level 1 in Evocations
  6861 | D:6      | Reached * piety under Kikubaaqudgha
  6861 | D:6      | Identified Kikubaaqudgha's Grimoire of Unholy Rites
                  | (Kikubaaqudgha gifted it to you on level 6 of the Dungeon)
  6861 | D:6      | Received a gift from Kikubaaqudgha
  6865 | D:6      | Learned a level 1 spell: Pain
  6868 | D:6      | Learned a level 2 spell: Corpse Rot
  6871 | D:6      | Learned a level 2 spell: Sublimation of Blood
  6875 | D:6      | Learned a level 3 spell: Vampiric Draining
  7180 | D:6      | Reached XP level 8. HP: 68/93 MP: 20/20
  7440 | D:6      | Reached skill level 1 in Necromancy
  8187 | D:7      | Noticed Harold
  8718 | D:7      | Killed Harold
  8718 | D:7      | Reached skill level 10 in Fighting
  8718 | D:7      | Reached XP level 9. HP: 42/101 MP: 1/21
  8725 | D:7      | Noticed Menkaure
  8953 | D:7      | Killed Menkaure
 10094 | D:7      | Found a staircase to the Ecumenical Temple.
 10825 | D:8      | Reached XP level 10. HP: 56/111 MP: 16/23
 10861 | D:8      | Reached ** piety under Kikubaaqudgha
 11492 | D:8      | Reached skill level 5 in Necromancy
 11611 | D:8      | Found a glowing silver altar of Zin.
 11949 | D:9      | Noticed a two-headed ogre
 11968 | D:9      | Noticed a cyclops
 11969 | D:9      | Found Voje's Magic Scroll Boutique.
 11991 | D:10     | Entered Level 10 of the Dungeon
 11991 | D:10     | Noticed Urug
 11993 | D:10     | Noticed Joseph
 12013 | D:9      | Hit by a large rock thrown by a cyclops

Levels and vault maps discovered:
D:1:      giann_bridges, layout_rooms
D:2:      layout_basic, marbit_many_paths, chequers_ecumenical_altar_twisty,
          nrook_mini_vaults
D:3:      layout_basic, lemuel_crystal_altar, minitemple,
          cheibrodos_sewer_entry_bend, fountainhead, uniq_natasha
D:4:      layout_cave_pools, minmay_crystal_room, roderic_roman_lattice,
          minmay_bent
D:5:      layout_loops_ring, lemuel_crystal_altar, first_ration,
          chequers_garden, bh_walls_and_bars
D:6:      layout_basic, minmay_misc_feat_columns
D:7:      layout_cave_pools, minmay_temple_entry_waves, grunt_livestock,
          uniq_menkaure, uniq_harold
D:8:      layout_rooms, zin_statuary
D:9:      layout_big_octagon, serial_shops, shop
D:10:     layout_basic, david_lair_generic, david_orc_5, uniq_urug, uniq_fannar,
          uniq_joseph
Sewer:    sewer_fruit_machine

Skill      XL: |  1  2  3  4  5  6  7  8  9 10 |
---------------+-------------------------------+-----
Fighting       | 2 9 10 | 10.9
Spellcasting   | 3 7 8 9 |  9.5
Translocations | 1 |  1.4
Summonings     | 1 6 7 |  7.5
Conjurations   | 1 |  1.5
Evocations     | 1 |  1.1
Necromancy     | 3 4 5 |  5.1
Bows           | |  1.0
Throwing       | |  1.0
Dodging        | |  1.0
Shields        | |  1.0
Charms         | |  2.6

Action                   |  1- 3 |  4- 6 |  7- 9 | 10-12 || total
-------------------------+-------+-------+-------+-------++-------
Melee: Mace              |       |    45 |       |       ||    45
       Flail             |       |   114 |       |       ||   114
       Staff             |       |     2 |    30 |    54 ||    86
       Glaive            |       |       |    81 |       ||    81
 Fire: Hand crossbow     |    56 |    41 |    91 |    26 ||   214
Throw: Throwing net      |       |       |     2 |       ||     2
 Cast: Magic Dart        |    10 |    16 |       |       ||    26
       Call Imp          |    13 |    56 |   122 |    23 ||   214
       Blink             |       |       |    24 |     7 ||    31
       Conjure Flame     |       |       |    10 |     2 ||    12
       Pain              |       |       |    42 |    24 ||    66
       Vampiric Draining |       |       |     3 |     5 ||     8
       Mephitic Cloud    |       |       |     1 |       ||     1
Evoke: Wand              |       |       |     8 |     1 ||     9
  Use: Potion            |       |     6 |     6 |     2 ||    14
       Scroll            |       |    12 |     2 |     8 ||    22
 Stab: Distracted        |       |     1 |     4 |       ||     5
  Eat: Chunk             |     1 |    11 |    10 |     4 ||    26
       Ration            |       |       |     3 |     1 ||     4
Armor: Robe              |    19 |   142 |    46 |    50 ||   257
Dodge: Dodged            |    29 |   147 |   109 |    74 ||   359

Table legend:
 A = Non-vault XP
 B = Vault XP
 C = Vault XP percentage of total XP
 D = Non-vault monster count
 E = Vault monster count
 F = Vault count percentage of total count
                 A         B        C        D         E       F
            +---------+---------+-------+---------+---------+-------
      Total |    3566 |    1966 |  35.5 |     172 |      40 |  18.9
            +---------+---------+-------+---------+---------+-------
        D:1 |      40 |       0 |   0.0 |      23 |       0 |   0.0
        D:2 |      77 |       1 |   1.3 |      23 |       1 |   4.2
        D:3 |     100 |      25 |  20.0 |      27 |       3 |  10.0
        D:4 |     171 |      85 |  33.2 |      17 |       6 |  26.1
        D:5 |     141 |       0 |   0.0 |       5 |       0 |   0.0
        D:6 |     972 |     767 |  44.1 |      24 |       4 |  14.3
        D:7 |     454 |    1036 |  69.5 |      24 |       3 |  11.1
        D:8 |    1611 |       0 |   0.0 |      29 |       0 |   0.0
      Sewer |       0 |      52 | 100.0 |       0 |      23 | 100.0
            +---------+---------+-------+---------+---------+-------
